 Dungeon Crawl Stone Soup version 0.13.0-3-g966e3ec (webtiles) character file.

7054 MackTheKnife the Grappler (level 10, -3/82 (83) HPs)
             Began as a Minotaur Monk on Oct 13, 2013.
             Was an Elder of Makhleb.
             Killed from afar by Harold (21 damage)
             ... with a bolt of fire
             ... on Level 10 of the Dungeon.
             The game lasted 00:26:05 (10159 turns).

MackTheKnife the Grappler (Minotaur Monk)          Turns: 10159, Time: 00:26:06

HP  -3/82 (83)   AC  8     Str 17      XL: 10   Next: 71%
MP   8/8         EV 17     Int  7      God: Makhleb [****..]
Gold 453         SH  0     Dex 15      Spells:  0 memorised,  9 levels left

Res.Fire  : . . .   See Invis. : .     - Unarmed
Res.Cold  : . . .   Warding    : .   v - +1 orc leather armour
Life Prot.: . . .   Conserve   : .   (no shield)
Res.Poison: .       Res.Corr.  : .   (helmet restricted)
Res.Elec. : .       Clarity    : +   y - +0 orc cloak
Sust.Abil.: . .     Spirit.Shd : .   (no gloves)
Res.Mut.  : .       Stasis     : .   B - +2 pair of boots
Res.Rott. : .       Flight     : .   k - amulet of clarity
Saprovore : . . .                    (no ring)
                                     (no ring)

@: somewhat resistant to hostile enchantments, unstealthy
A: retaliatory headbutt, horns 2
a: Minor Destruction, Lesser Servant of Makhleb, Major Destruction, Renounce
Religion


You were on level 10 of the Dungeon.
You worshipped Makhleb.
Makhleb was greatly pleased with you.
You were not hungry.

You visited 2 branches of the dungeon, and saw 11 of its levels.

You collected 453 gold pieces.

Inventory:

Hand weapons
 l - a +0,+5 flail of draining
Armour
 v - a +1 orcish leather armour (worn)
 y - a +0 orcish cloak (worn)
 B - a +2 pair of boots (worn)
Magical devices
 q - a wand of random effects (4)
 t - a wand of fireball (0)
 u - a wand of draining (0)
Comestibles
 b - 5 bread rations
 c - 15 cheeses
 m - 4 apples
 x - a pear
 z - a meat ration
 D - a rotting chunk of giant frog flesh
Scrolls
 a - 2 scrolls of teleportation
 d - 3 scrolls of enchant weapon II
 e - 10 scrolls of remove curse
 f - 3 scrolls of magic mapping
 h - 4 scrolls of identify
 n - a scroll of blinking
Jewellery
 j - an uncursed amulet of rage {unknown}
 k - an amulet of clarity (around neck)
 o - an uncursed amulet of stasis
 s - the ring of Beogh's Reproof {+Blink +Inv, unknown}
   (You found it on level 7 of the Dungeon)

   [ring of invisibility]

   It lets you blink.
Potions
 g - 4 potions of curing
 i - 2 potions of cure mutation
 p - 2 potions of restore abilities {unknown}
 r - 2 potions of heal wounds
 w - a potion of beneficial mutation {unknown}
 A - a potion of degeneration {unknown}


   Skills:
 + Level 8.6 Fighting
 - Level 2.0 Armour
 - Level 10.0 Dodging
 - Level 1.5 Stealth
 + Level 13.1 Unarmed Combat
 * Level 3.1 Invocations


You had 9 spell levels left.
You didn't know any spells.

Dungeon Overview and Level Annotations

Branches:
Dungeon (10/27)            Temple (1/1) D:7             Orc (0/4) D:7
   Lair: D:8-13

Altars:
Ashenzari
Cheibriados
Elyvilon
Fedhas
Kikubaaqudgha
Makhleb
Nemelex Xobeh
Okawaru
Sif Muna
Trog
Vehumet
Xom
Yredelemnul
Zin
the Shining One

Annotations:
D:10 Harold


Innate Abilities, Weirdness & Mutations

You reflexively headbutt those who attack you in melee.
You have a pair of horns on your head.


Message History

You hit the worker ant. Your headbutt misses the worker ant.
The worker ant is almost dead.
The worker ant bites you!
* * * LOW HITPOINT WARNING * * *
Drink which item? (? for menu, Esc to quit)
You feel better.
Harold hits you from afar with a halberd of flaming.
* * * LOW HITPOINT WARNING * * *
Harold burns you.
* * * LOW HITPOINT WARNING * * *
The worker ant misses you. You furiously retaliate!
You headbutt the worker ant.
You kill the worker ant!
Makhleb accepts your kill.
You feel a little better.
You see here a dagger.
Harold points at you and mumbles some strange words.
The bolt of fire hits you!
One of your 3 scrolls of teleportation catches fire!
You die...

####### ......#
#######
#.###.####.....#
..# #......###.#
..###.###### #.#
......#
#.###############
.##.###
#(.@.)@.........#
.##.#
#..############.#
.## . .....# #.#
.### # ####.##
#.# ...# #.# #.#
.#.# #.# #.# .#.#
#.# #.# .#.# #..
#.# ##.# # #.#


You could see Harold.

Vanquished Creatures
  A troll (D:9)
  3 two-headed ogres
  The ghost of HungrySpirit the Sneak, an average SpEn of Okawaru (D:5)
  Eustachio (D:9)
  2 wyverns
  A hippogriff (D:8)
  Edmund (D:6)
  2 necrophages
  6 ice beasts
  3 phantoms
  A swamp drake (D:9)
  2 orc warriors
  2 centaurs
  3 big kobolds
  3 sky beasts
  4 ogres
  Blork the orc (D:7)
  6 giant frogs
  A water moccasin (D:9)
  An eye of draining (D:9)
  8 killer bees
  4 crimson imps
  2 hounds
  5 orc priests
  6 wights
  A quasit (D:9)
  A centaur skeleton (D:10)
  3 iguanas
  8 orc wizards
  An orange rat (D:7)
  3 worker ants
  2 scorpions
  Ijyb (D:5)
  A crocodile skeleton (D:8)
  A jelly (D:8)
  A big kobold skeleton (D:9)
  An ogre skeleton (D:7)
  Terence (D:2)
  A worker ant zombie (D:8)
  3 green rats (D:7)
  15 adders
  6 gnolls
  A shadow imp (D:9)
  3 giant mites
  2 white imps (D:9)
  2 worms
  An ufetubus (D:9)
  An adder zombie (D:5)
  4 grey rats (D:7)
  An iguana skeleton (D:4)
  A giant eyeball (D:4)
  An ooze (D:1)
  23 orcs
  A bat zombie (D:7)
  3 giant cockroaches
  12 hobgoblins
  29 jackals
  25 kobolds
  3 ball pythons
  18 bats
  8 giant geckos
  3 giant newts (D:2)
  14 goblins
  A goblin zombie (D:5)
  A hobgoblin skeleton (D:8)
  A kobold skeleton (D:8)
  8 quokkas
  27 rats
  2 ballistomycetes (D:10)
316 creatures vanquished.

Vanquished Creatures (others)
  A giant spore (D:10)
1 creature vanquished.

Grand Total: 317 creatures vanquished

Notes
Turn   | Place    | Note
--------------------------------------------------------------
     0 | D:1      | MackTheKnife, the Minotaur Monk, began the quest for the Orb.
     0 | D:1      | Reached XP level 1. HP: 17/17 MP: 0/0
   194 | D:1      | Reached XP level 2. HP: 24/24 MP: 0/0
   269 | D:1      | Reached skill level 5 in Unarmed Combat
   661 | D:1      | Reached XP level 3. HP: 26/30 MP: 1/1
   663 | D:1      | Reached skill level 1 in Armour
   941 | D:2      | Found a radiant altar of Vehumet.
  1262 | D:2      | Noticed Terence
  1271 | D:2      | Killed Terence
  1271 | D:2      | Reached XP level 4. HP: 32/37 MP: 1/1
  1458 | D:2      | Reached skill level 6 in Unarmed Combat
  2050 | D:3      | Noticed a giant frog
  2057 | D:3      | Killed a giant frog
  2057 | D:3      | Reached XP level 5. HP: 34/44 MP: 1/1
  2368 | D:3      | Found a sparkling altar of Nemelex Xobeh.
  2621 | D:4      | Reached skill level 7 in Unarmed Combat
  2787 | D:4      | Reached XP level 6. HP: 28/51 MP: 2/2
  2789 | D:4      | Reached skill level 5 in Fighting
  3114 | D:4      | Found a basalt altar of Yredelemnul.
  3157 | D:4      | Found a glowing golden altar of the Shining One.
  3355 | D:4      | Paralysed by a giant eyeball for 4 turns
  3366 | D:4      | Paralysed by a giant eyeball for 3 turns
  3396 | D:4      | HP: 2/51 [poisoned by a worker ant]
  3879 | D:5      | Entered Level 5 of the Dungeon
  4012 | D:5      | Noticed a necrophage
  4026 | D:5      | Killed a necrophage
  4026 | D:5      | Reached skill level 8 in Unarmed Combat
  4026 | D:5      | Reached XP level 7. HP: 51/58 MP: 2/2
  4048 | D:5      | Noticed Ijyb
  4612 | D:5      | Found a deep blue altar of Sif Muna.
  4612 | D:5      | Noticed HungrySpirit's ghost (average SpEn)
  4648 | D:5      | Killed HungrySpirit's ghost
  4704 | D:5      | Killed Ijyb
  4782 | D:5      | Reached skill level 9 in Unarmed Combat
  4782 | D:5      | Reached XP level 8. HP: 42/67 MP: 2/2
  4826 | D:5      | Found a bloodstained altar of Trog.
  5644 | D:6      | Reached skill level 10 in Unarmed Combat
  5800 | D:6      | Noticed Edmund
  5817 | D:6      | Killed Edmund
  5817 | D:6      | Reached skill level 5 in Dodging
  6228 | D:6      | Found a radiant altar of Vehumet.
  6331 | D:6      | Found a snail-covered altar of Cheibriados.
  6338 | D:6      | Found a white marble altar of Elyvilon.
  6526 | D:7      | Reached XP level 9. HP: 30/74 MP: 3/3
  6822 | D:7      | Noticed Blork the orc
  6866 | D:7      | Killed Blork the orc
  6992 | D:7      | Reached skill level 11 in Unarmed Combat
  7394 | D:7      | Found a staircase to the Ecumenical Temple.
  7419 | Temple   | Entered the Ecumenical Temple
  7625 | D:7      | Found a glowing silver altar of Zin.
  7701 | D:7      | Found a staircase to the Orcish Mines.
  7931 | D:7      | yokelz: why uc minotaur :D
  7995 | D:7      | Got a twitching golden ring
  8074 | D:7      | Found a burning altar of Makhleb.
  8082 | D:7      | Became a worshipper of Makhleb the Destroyer
  8082 | D:7      | Acquired Makhleb's first power
  8082 | D:7      | Acquired Makhleb's second power
  8129 | D:8      | MackTheKnife: dunno, got frustrated
  8129 | D:8      | MackTheKnife: my MfIE got killed by a 51 dmg hellfire from Azrael x_X
  8142 | D:8      | MackTheKnife: very hard run overall
  8142 | D:8      | yokelz: nice
  8142 | D:8      | MackTheKnife: so, going for tabstorm char now
  8437 | D:8      | Reached skill level 12 in Unarmed Combat
  8806 | D:8      | Reached XP level 10. HP: 82/82 MP: 3/3
  9189 | D:9      | Noticed Eustachio
  9223 | D:9      | Killed Eustachio
  9244 | D:9      | Acquired Makhleb's third power
  9543 | D:9      | Found a sparkling altar of Nemelex Xobeh.
  9556 | D:9      | Reached skill level 1 in Invocations
  9616 | D:9      | Reached skill level 10 in Dodging
  9622 | D:9      | Acquired Makhleb's fourth power
  9877 | D:10     | Entered Level 10 of the Dungeon
  9883 | D:10     | Reached skill level 13 in Unarmed Combat
 10118 | D:10     | Noticed Harold
 10159 | D:10     | Killed from afar by Harold

Action                   |  1- 3 |  4- 6 |  7- 9 | 10-12 || total
-------------------------+-------+-------+-------+-------++-------
Melee: Unarmed           |    87 |   186 |   348 |   208 ||   829
Evoke: Wand              |       |     1 |     7 |     5 ||    13
  Use: Scroll            |       |     5 |    10 |     2 ||    17
       Potion            |       |     1 |     1 |     1 ||     3
 Stab: Sleeping          |       |     1 |     8 |     2 ||    11
       Distracted        |       |       |       |     3 ||     3
